Map: [ESL] Babylon

Players

GunGFuBanDa - Winner!

  • Race: Protoss Protoss
  • Spawn Location: 11:00

MaNa

  • Race: Protoss Protoss
  • Spawn Location: 5:00

Event: ESL SC2 Masters 2023 Summer (Regionals)

VOD

Have the link to the VOD?

Description

Time

  • Played on: May 9, 2023, 10:06 a.m.
  • Length: 10:28

All games in this series

Show
View Real Time Build Order
Export as new Build Order

GunGFuBanDa Protoss - Winner!

Build Orders: Oracle Opening 

Get SALT Encoding   

  12  0:00  Probe  
  13  0:12  Probe  
  14  0:17  Pylon  
  14  0:24  Probe (Chrono Boost)  
  15  0:36  Probe (Chrono Boost)  
  15  0:39  Gateway  
  16  0:45  Probe (Chrono Boost)  
  16  0:46  Assimilator  
  17  0:51  Probe  
  18  1:03  Probe  
  19  1:15  Probe  
  20  1:25  Pylon, Assimilator  
  20  1:27  Probe  
  20  1:29  Cybernetics Core  
  21  1:33  Zealot  
  23  1:43  Probe  
  24  1:55  Probe  
  26  2:08  Nexus  
  26  2:14  Stargate  
  25  2:19  Probe  
  25  2:20  Stalker (Chrono Boost)  
  28  2:34  Warp Gate, Shield Battery  
  28  2:43  Stalker  
  29  2:47  Pylon  
  29  2:50  Probe  
  30  3:02  Probe  
  31  3:06  Oracle (Chrono Boost)  
  34  3:15  Probe  
  34  3:16  Gateway  
  35  3:25  Probe  
  36  3:39  Shield Battery  
  36  3:46  Void Ray (Chrono Boost)  
  40  3:56  Probe  
  40  3:57  Shield Battery  
  45  4:19  Void Ray (Chrono Boost)  
  45  4:22  Stalker  
  45  4:23  Stalker  
  48  4:26  Pylon  
  48  4:28  Shield Battery  
  48  4:37  Probe  
  49  4:43  Probe  
  54  4:53  Zealot  
  54  4:55  Probe, Void Ray (Chrono Boost)  
  57  5:02  Stalker  
  55  5:17  Stalker  
  56  5:28  Probe x2  
  57  5:36  Stalker  
  57  5:40  Probe  
  60  5:44  Pylon  
  60  5:47  Pylon  
  56  5:57  Probe  
  61  6:04  Void Ray  
  61  6:06  Zealot  
  63  6:12  Shield Battery  
  61  6:22  Robotics Facility  
  61  6:23  Zealot  
  63  6:30  Shield Battery  
  59  6:50  Zealot  
  59  6:51  Zealot  
  59  6:52  Probe x2  
  60  7:06  Immortal (Chrono Boost)  
  56  7:14  Stalker  
  56  7:15  Zealot  
  64  7:24  Probe  
  64  7:26  Probe  
  64  7:27  Pylon  
  64  7:28  Assimilator  
  66  7:36  Probe, Immortal (Chrono Boost), Pylon  
  71  7:41  Probe (Chrono Boost)  
  72  7:49  Twilight Council  
  73  7:53  Probe x2 (Chrono Boost)  
  73  7:54  Forge  
  74  8:01  Probe (Chrono Boost)  
  74  8:03  Probe (Chrono Boost)  
  76  8:07  Probe  
  76  8:10  Observer, Assimilator  
  78  8:13  Probe  
  78  8:18  Blink (Chrono Boost)  
  78  8:19  Probe  
  80  8:27  Protoss Ground Weapons Level 1 (Chrono Boost)  
  80  8:30  Gateway  
  80  8:32  Gateway  
  80  8:33  Gateway  
  80  8:45  Gateway  
  80  8:46  Sentry  
  80  8:48  Stalker  
  84  8:59  Warp Prism  
  86  9:04  Pylon  
  86  9:09  Stalker  
  88  9:19  Stalker  
  87  9:24  Pylon  
  87  9:31  Stalker x3  
  93  9:44  Stalker x3  
  99  9:57  Stalker x3  
  95  10:20  Stalker x2  
  95  10:21  Stalker x4  
Show
View Real Time Build Order
Export as new Build Order

MaNa Protoss 

Build Orders: Blink Stalkers 

Get SALT Encoding   

  12  0:00  Probe  
  13  0:12  Probe  
  14  0:19  Pylon  
  14  0:24  Probe  
  15  0:37  Probe (Chrono Boost)  
  15  0:39  Gateway  
  16  0:46  Probe (Chrono Boost)  
  16  0:47  Assimilator  
  17  0:51  Probe (Chrono Boost)  
  18  1:03  Probe (Chrono Boost)  
  19  1:05  Assimilator  
  19  1:12  Probe (Chrono Boost)  
  19  1:15  Gateway  
  19  1:18  Probe  
  21  1:28  Cybernetics Core  
  21  1:30  Probe  
  22  1:36  Pylon  
  22  1:42  Probe  
  23  1:49  Pylon  
  23  1:54  Probe  
  24  2:05  Warp Gate  
  24  2:06  Probe, Stalker  
  27  2:09  Stalker  
  29  2:23  Pylon  
  29  2:35  Twilight Council  
  30  2:43  Stalker x2  
  33  2:55  Probe  
  34  3:00  Shield Battery  
  33  3:05  Blink (Chrono Boost)  
  33  3:08  Gateway, Shield Battery  
  33  3:27  Pylon  
  33  3:33  Probe  
  34  3:51  Gateway  
  34  3:53  Stalker  
  34  3:54  Stalker  
  38  4:02  Stalker  
  40  4:17  Stalker x2  
  44  4:25  Stalker  
  46  4:31  Pylon  
  46  4:50  Adept  
  46  4:51  Stalker x2  
  52  4:57  Stalker  
  46  5:18  Stalker x2  
  43  5:36  Stalker  
  43  5:37  Stalker  
  43  5:41  Stalker  
  46  5:43  Stalker  
  45  6:01  Stalker  
  47  6:06  Stalker  
  49  6:19  Adept  
  51  6:27  Stalker  
  51  6:43  Stalker  
  51  6:44  Stalker  
  53  6:49  Stalker  
  45  7:06  Stalker  
  41  7:09  Stalker  
  41  7:11  Stalker  
  46  7:35  Nexus  
  45  7:43  Stalker  
  47  7:52  Stalker  
  47  7:57  Probe  
  50  8:04  Sentry  
  50  8:05  Sentry  
  54  8:10  Probe  
  55  8:18  Pylon  
  55  8:21  Phoenix  
  55  8:37  Probe (Chrono Boost)  
  55  8:38  Sentry  
  55  8:39  Pylon  
  58  8:45  Probe (Chrono Boost)  
  58  8:46  Sentry  
  61  8:50  Probe (Chrono Boost)  
  61  8:51  Probe  
  63  9:02  Probe  
  64  9:03  Probe  
  65  9:12  Assimilator  
  65  9:14  Probe  
  65  9:15  Probe  
  63  9:20  Stalker  
  63  9:21  Sentry  
  67  9:27  Stalker  
  67  9:30  Stalker  
  71  9:32  Probe  
  71  9:34  Probe  
  73  9:46  Probe  
  73  9:48  Stalker x2  
  78  9:53  Probe  
  78  9:58  Probe  
  80  10:04  Assimilator  
Tags
 
Add a new tag
Caveats
  • Supply blocks, unpowered buildings, or Contaminate may cause inaccurate times.
  • Supply counts are checked every 10 seconds.